 Dungeon Crawl Stone Soup version 0.23-a0-622-g59b4ea9c50 (webtiles) character file.

676 Flugkiller the Conjurer (level 7, -4/36 HPs)
             Began as a Deep Elf Conjurer on Dec 23, 2018.
             Slain by Pikel
             ... wielding a +1 whip of freezing
              (6 damage)
             ... on level 4 of the Dungeon.
             The game lasted 00:14:27 (5390 turns).

Flugkiller the Conjurer (Deep Elf Conjurer)         Turns: 5390, Time: 00:14:28

Health: -4/36      AC:  4    Str:  5    XL:     7   Next: 33%
Magic:  6/18       EV: 15    Int: 22    God:
Gold:   32         SH:  0    Dex: 15    Spells: 7/18 levels left

rFire    . . .     SeeInvis .   y - +2 war axe (drain)
rCold    . . .     Gourm    .   (no shield)
rNeg     . . .     Faith    .   a - +0 robe
rPois    .         Spirit   .   l - +0 helmet
rElec    .         Reflect  .   h - +0 cloak (curse)
rCorr    .         Harm     .   (no gloves)
MR       .....                  (no boots)
Stlth    ++........             (no amulet)
HPRegen  0.12/turn              (no ring)
MPRegen  0.16/turn              (no ring)

@: invisible
A: no striking features
a: no special abilities


You were on level 4 of the Dungeon.
You were not hungry.

You visited 1 branch of the dungeon, and saw 5 of its levels.
You also visited: Sewer.

You collected 155 gold pieces.
You spent 123 gold pieces at shops.

Inventory:

Hand Weapons
 x - a +0 trident of flaming
   (You took it off Robin on level 3 of the Dungeon)
 y - a +2 war axe of draining (weapon)
   (You took it off an orc on level 4 of the Dungeon)
Missiles
 f - 222 stones (quivered)
Armour
 a - a +0 robe (worn)
 h - a cursed +0 cloak (worn)
   (You took it off Crazy Yiuf on level 3 of the Dungeon)
 l - a +0 helmet (worn)
   (You found it on level 2 of the Dungeon)
 v - a +0 buckler
   (You found it on level 3 of the Dungeon)
Jewellery
 r - an uncursed ring of magical power {unknown}
   (You found it on level 3 of the Dungeon)
 s - an uncursed ring of protection from magic {unknown}
   (You found it on level 4 of the Dungeon)
 u - an uncursed amulet of the acrobat {unknown}
   (You found it on level 3 of the Dungeon)
Wands
 m - a wand of disintegration (12)
   (You took it off Ijyb on level 3 of the Dungeon)
Scrolls
 b - 3 scrolls of fear
 d - a scroll of immolation
 e - a scroll of remove curse {unknown}
 g - 2 scrolls of blinking
 j - a scroll of amnesia {unknown}
 t - 4 scrolls of teleportation
 z - a scroll of magic mapping
 B - a scroll of fog
 C - a scroll of identify {unknown}
 E - a scroll of noise {unknown}
Potions
 i - 4 potions of heal wounds {unknown}
 n - a potion of degeneration {unknown}
 o - 2 potions of resistance {unknown}
 p - 2 potions of magic {unknown}
 q - a potion of experience {unknown}
 w - a potion of lignification {unknown}
 A - a potion of might {unknown}
Comestibles
 c - 5 rations


   Skills:
 - Level 5.1 Dodging
 - Level 2.4 Stealth
 + Level 6.4 Spellcasting
 + Level 6.5 Conjurations
 + Level 4.2 Hexes


You had 7 spell levels left.
You knew the following spells:

 Your Spells              Type           Power        Failure   Level  Hunger
a - Magic Dart            Conj           ####         1%          1    None
b - Searing Ray           Conj           #####.       1%          2    None
c - Iskenderun's Mystic   Conj           #####...     6%          4    ###....
d - Fulminant Prism       Conj/Hex       ####......   10%         4    ###....

Your spell library contained the following spells:

 Spells                   Type           Power        Failure   Level  Hunger
 Dazzling Spray           Conj/Hex       ####..       3%          3    #......
 Force Lance              Conj/Tloc      ###.....     22%         4    ###....


Dungeon Overview and Level Annotations

Branches:
Dungeon (5/15)
 Temple: D:4-7

Altars:
Gozag
Hepliaklqana
Okawaru
Ru
Trog

Shops:
D:4 ?

Annotations:
D:4 Pikel
D:5 Edmund


Message History

You kill the shadow imp!
Pikel shouts!
You hear a shout! x3; You hear an angry hiss.
Unknown command.
You hit the quokka but do no damage.
The quokka is severely wounded.
You hear a shout!
The quokka closely misses you. The quokka bites you.
You hit the quokka.
You kill the quokka!
A worker ant comes into view.
A slave comes into view. x2
Unknown command.
The worker ant twitches its antennae in your direction.
A slave comes into view.
An ice beast comes into view.
Pikel closely misses you.
You climb upwards.
There is a stone staircase leading down here.
Press: ? - help, v - describe, . - travel
Here: Pikel, wielding a +1 whip of freezing, wearing a +0 robe and carrying a The floor.
Unknown command.
Unknown command.
Unknown command.
Pikel says, "You will build my throne, and die beneath it!"
Pikel zaps a wand.
The puff of flame hits you!
Casting: Magic Dart (safe; 1% risk of failure)
Confirm with . or Enter, or press ? or * to list all spells.
Aiming: Iskenderun's Mystic Blast (safe; 6% risk of failure)
Press: ? - help, Shift-Dir - straight line, f - Pikel
Aim: Pikel, wielding a +1 whip of freezing, wearing a +0 robe and carrying a The orb of energy hits Pikel.
Pikel is moderately wounded.
Casting: Iskenderun's Mystic Blast (safe; 6% risk of failure)
Confirm with . or Enter, or press ? or * to list all spells.
Aiming: Iskenderun's Mystic Blast (safe; 6% risk of failure)
Press: ? - help, Shift-Dir - straight line, f/p - Pikel
Aim: Pikel, wielding a +1 whip of freezing, wearing a +0 robe and carrying a The orb of energy hits Pikel.
Pikel is heavily wounded.
Pikel hits you with a +1 whip of freezing!
* * * LOW HITPOINT WARNING * * *
Pikel freezes you!
* * * LOW HITPOINT WARNING * * *
Unknown command.
Unknown command.
Unknown command.
Okay, then.
You fade into invisibility!
Pikel hits you with a +1 whip of freezing.
You die...

#................##.##.########
#..>................##..# #
#..............#...####.#####
###..)..........[.............#
..##..)[<...........<........##
..###.[.................#.####
...[.................##.#.#######
..<######.##.........##.#........
................@.[..........####
..#####....###...K...##......#
..# #..### #.......##......# ..#
#.## #.......##......# ..# #[#
#.......##......# ..# ###
##########......# ### #......#
#......# #......#


You could see Pikel.

Vanquished Creatures
  Purgy (Sewer)
  A phantom (D:4)
  A hound (D:4)
  An orc priest (D:4)
  5 orc wizards
  Crazy Yiuf (D:3)
  Ijyb (D:3)
  Terence (D:3)
  Robin (D:3)
  6 adders
  2 river rats (D:4)
  A shadow imp (D:5)
  2 oozes
  6 worms
  A dart slug (D:1)
  4 leopard geckos
  9 orcs
  2 giant cockroaches
  12 goblins
  12 hobgoblins
  6 jackals
  10 kobolds
  A quokka (D:5)
  8 ball pythons
  10 bats
  8 frilled lizards
  5 rats
118 creatures vanquished.

Vanquished Creatures (others)
  7 fulminant prisms
7 creatures vanquished.

Grand Total: 125 creatures vanquished

Notes
Turn   | Place    | Note
-------+----------+-------------------------------------------
     0 | D:1      | Flugkiller the Deep Elf Conjurer began the quest for the
                  | Orb.
     0 | D:1      | Reached XP level 1. HP: 10/10 MP: 6/6
   122 | D:1      | Reached XP level 2. HP: 15/15 MP: 5/8
   392 | D:1      | Learned a level 2 spell: Searing Ray
   654 | D:1      | Reached XP level 3. HP: 19/19 MP: 8/10
  1567 | D:2      | Reached skill level 5 in Conjurations
  1669 | D:2      | Found an iron altar of Okawaru.
  1778 | D:2      | Reached XP level 4. HP: 24/24 MP: 4/12
  1883 | D:2      | Noticed a moth of wrath
  1886 | D:2      | Found a bloodstained altar of Trog.
  2238 | D:2      | Learned a level 4 spell: Iskenderun's Mystic Blast
  2243 | D:2      | Learned a level 4 spell: Fulminant Prism
  2394 | D:3      | Reached skill level 1 in Hexes
  2394 | D:3      | Reached XP level 5. HP: 28/28 MP: 8/14
  2567 | D:3      | Noticed Terence
  2579 | D:3      | Killed Terence
  2713 | D:3      | Reached skill level 5 in Spellcasting
  2729 | D:3      | Noticed Ijyb
  2978 | D:3      | Killed Ijyb
  3494 | D:3      | Noticed Robin
  3528 | D:3      | Killed Robin
  3615 | D:3      | Reached XP level 6. HP: 32/32 MP: 9/15
  4019 | D:3      | Found a runed door.
  4197 | D:3      | Noticed Crazy Yiuf
  4218 | D:3      | Killed Crazy Yiuf
  4475 | D:4      | Reached skill level 5 in Dodging
  4527 | D:4      | Found a sacrificial altar of Ru.
  4549 | D:4      | Found a glowing drain.
  4600 | D:4      | Reached XP level 7. HP: 36/36 MP: 7/18
  4631 | Sewer    | Entered a sewer
  4797 | Sewer    | Noticed Purgy
  4800 | Sewer    | Killed Purgy
  4999 | D:4      | Found Ganaj's Magic Scroll Boutique.
  5003 | D:4      | Bought a scroll of blinking for 97 gold pieces
  5003 | D:4      | Bought a scroll of fog for 26 gold pieces
  5007 | D:4      | Found an opulent altar of Gozag.
  5111 | D:4      | Found a hazy altar of Hepliaklqana.
  5335 | D:5      | Entered Level 5 of the Dungeon
  5335 | D:5      | Noticed Edmund
  5378 | D:5      | Noticed Pikel
  5390 | D:4      | Slain by Pikel

Vault maps used:
D:1:      erik_arrival_cave_to_civilisation
D:2:      tgw_trog, lemuel_crystal_altar
D:3:      first_ration, uniq_ijyb, uniq_terence, uniq_robin,
          uniq_crazy_yiuf_cottage
D:4:      kennysheep_little_box, kennysheep_mini,
          nicolae_ru_great_annihilating_truth, cheibrodos_sewer_entry_sluice,
          serial_shops, nicolae_shop_crystal
D:5:      gammafunk_temple_overflow_statue, hellmonk_ghost_happy_afterlife,
          st_stairs_11, uniq_edmund, uniq_pikel, uniq_prince_ribbit1
Sewer:    sewer_co_purgy_island

Skill      XL: |  1  2  3  4  5  6  7 |
---------------+----------------------+-----
Dodging        | 3 4 5 |  5.1
Spellcasting   | 4 5 6 |  6.4
Conjurations   | 5 6 |  6.5
Hexes          | 1 2 3 4 |  4.2
Stealth        | |  2.4

Action                   |  1- 3 |  4- 6 |  7- 9 || total
-------------------------+-------+-------+-------++-------
Melee: Falchion          |     1 |     4 |       ||     5
       Trident           |       |     6 |       ||     6
       War axe           |       |     4 |    28 ||    32
 Cast: Magic Dart        |    85 |    98 |    23 ||   206
       Searing Ray       |       |    16 |       ||    16
       Fulminant Prism   |       |     5 |     2 ||     7
       Iskenderun's Myst |       |     3 |     4 ||     7
  Use: Scroll            |       |     2 |     2 ||     4
       Potion            |       |       |     1 ||     1
  Eat: Chunk             |     2 |     7 |     3 ||    12
       Ration            |       |     1 |       ||     1
Armor: Robe              |     2 |     8 |     6 ||    16
Dodge: Dodged            |    18 |    26 |    38 ||    82
       Rpst.: Falchion   |       |     4 |       ||     4

Table legend:
 A = Non-vault XP
 B = Vault XP
 C = Vault XP percentage of total XP
 D = Non-vault monster count
 E = Vault monster count
 F = Vault count percentage of total count
                 A         B        C        D         E       F
            +---------+---------+-------+---------+---------+-------
      Total |     564 |     402 |  41.6 |      81 |      37 |  31.4
            +---------+---------+-------+---------+---------+-------
        D:1 |      62 |       3 |   4.6 |      32 |       2 |   5.9
        D:2 |      61 |      22 |  26.5 |      12 |       5 |  29.4
        D:3 |     142 |     139 |  49.5 |      25 |      11 |  30.6
        D:4 |     299 |      73 |  19.6 |      12 |       8 |  40.0
        D:5 |       0 |      13 | 100.0 |       0 |       2 | 100.0
      Sewer |       0 |     152 | 100.0 |       0 |       9 | 100.0
            +---------+---------+-------+---------+---------+-------
